 Dungeon Crawl Stone Soup version 0.30.1-11-g7821555f0a (webtiles) character file.

Game seed: 14639390484306371052

56 lonewolfV2 the Shield-Bearer (level 4, 0/35 (37) HPs)
             Began as a Formicid Fighter on Nov 6, 2023.
             Slain by Crazy Yiuf
             ... wielding a +3 quarterstaff of chaos
              (1 damage)
             ... on level 2 of the Dungeon.
             The game lasted 00:01:47 (1104 turns).

lonewolfV2 the Shield-Bearer (Formicid Fighter)     Turns: 1104, Time: 00:01:48

HP:   0/35 (37)     AC:  7    Str: 22    XL:     4   Next: 15%
MP:   4/4           EV:  7    Int:  8    God:
Gold: 55            SH: 13    Dex: 13    Spells: 3/3 levels left

rFire   . . .        a - +0 war axe
rCold   . . .        i - +0 tower shield
rNeg    . . .        b - +0 scale mail
rPois   .            (helmet unavailable)
rElec   .            (no cloak)
rCorr   .            (no gloves)
SInv    +            (no boots)
Will    .....        (no amulet) Stlth
                     (no ring)
HPRegen 0.25/turn    (no ring)
MPRegen 0.09/turn

%: no passive effects
@: drained
A: permanent stasis, dig shafts and tunnels, antennae 3, four strong arms
a: Dig, Shaft Self


You were on level 2 of the Dungeon.
You visited 1 branch of the dungeon, and saw 2 of its levels.

You collected 55 gold pieces.

Inventory:

Hand Weapons
 a - a +0 war axe (weapon)
Armour
 b - a +0 scale mail (worn)
 i - a +0 tower shield (worn)
Scrolls
 c - a scroll of amnesia {unknown}
 f - a scroll of torment {unknown}
Potions
 d - a potion of might
 e - 2 potions of curing
 g - a potion of ambrosia {unknown}
 h - 3 potions of heal wounds {unknown}
 j - a potion of attraction {unknown}
 k - 2 potions of resistance


   Skills:
 + Level 3.8 Fighting
 - Level 2.0 Axes
 + Level 3.8 Armour
 * Level 2.1 Dodging
 - Level 4.0 Shields


You had 3 spell levels left.
You didn't know any spells.
Your spell library contained the following spells:

 Spells                   Type           Power      Damage    Failure   Level
 Magic Dart               Conj           0%         1d3       100%        1
 Call Imp                 Summ           0%         N/A       100%        2
 Mephitic Cloud           Conj/Pois/Air  0%         N/A       100%        3
 Ozocubu's Armour         Ice            0%         N/A       100%        3
 Ozocubu's Refrigeration  Ice            0%         4d7       100%        7


Dungeon Overview and Level Annotations

Branches:
Dungeon (2/15)

Altars:

Annotations:
D:2 Crazy Yiuf


Innate Abilities, Weirdness & Mutations

You cannot be hasted, slowed, berserked, paralysed or teleported.
You can dig through walls and to a lower floor.
You have a pair of large antennae on your head. (SInv)
Your four strong arms can wield two-handed weapons with a shield.


Message History

You closely miss the adder.
The adder is severely wounded.
You block the adder's attack. The adder bites you. x2
You slash the adder!
You kill the adder!
Your Dodging skill increases to level 2!
You have reached level 4!
You feel clever.
f - a scroll labelled TIAR INWEEL
Found a hammer.
Found a runed translucent door.
Crazy Yiuf shouts!
You sense a monster nearby.
You open the door. You hit Crazy Yiuf.
Crazy Yiuf is moderately wounded.
Crazy Yiuf hits you but does no damage.
You closely miss Crazy Yiuf.
Crazy Yiuf is moderately wounded.
Crazy Yiuf barely misses you. You block Crazy Yiuf's attack.
You barely miss Crazy Yiuf.
Crazy Yiuf is moderately wounded.
Crazy Yiuf yells, "Scoff testudinal seventy!"
Crazy Yiuf hits you with a +3 quarterstaff of chaos!
You feel drained.
Crazy Yiuf hits you with a +3 quarterstaff of chaos.
Crazy Yiuf burns you.
You hit Crazy Yiuf.
Crazy Yiuf is heavily wounded.
Crazy Yiuf hits you but does no damage.
You are electrocuted!
* * * LOW HITPOINT WARNING * * *
You hit Crazy Yiuf.
Crazy Yiuf is severely wounded.
You block Crazy Yiuf's attack. x2
You barely miss Crazy Yiuf.
Crazy Yiuf is severely wounded.
You block Crazy Yiuf's attack.
Crazy Yiuf hits you with a +3 quarterstaff of chaos.
* * * LOW HITPOINT WARNING * * *
Crazy Yiuf freezes you.
You die...

# ##### # ### #..)#
## #≈# #...#
≈###≈####### ...
~≈..~≈≈....# #g#
.~≈.#..≈~..# ♣♣@♣
##.###≈≈.#.# ♣.♣♣
.#.#≈≈≈#.#.# ♣♣.♣
##≈≈≈###.#.# ♣.♣♣
##.## #.#.# ♣♣.♣♣
### ...#####..##
♣..P♣♣ #.#
......####.# ♣.P..♣
#.# ...........#
##..## #.#
##....########....#
#.#


You could see Crazy Yiuf.

Vanquished Creatures
  4 adders (D:2)
  3 endoplasms (D:1)
  A giant cockroach (D:1)
  2 hobgoblins
  5 bats
  2 frilled lizards (D:1)
  4 kobolds
  2 rats (D:1)
23 creatures vanquished.

Notes
Turn   | Place    | Note
-------+----------+-------------------------------------------
     0 | D:1      | lonewolfV2 the Formicid Fighter began the quest for the
                  | Orb.
     0 | D:1      | Reached XP level 1. HP: 18/18 MP: 1/1
   173 | D:1      | Reached XP level 2. HP: 24/24 MP: 2/2
   195 | D:1      | Reached skill level 1 in Dodging
   702 | D:2      | Reached XP level 3. HP: 21/29 MP: 3/3
  1051 | D:2      | Reached XP level 4. HP: 33/37 MP: 4/4
  1094 | D:2      | Found a runed translucent door.
  1095 | D:2      | Noticed Crazy Yiuf
  1104 | D:2      | HP: 1/35 [Crazy Yiuf/+3 quarterstaff of chaos (4)]
  1104 | D:2      | Slain by Crazy Yiuf

Illustrated notes

Levels and vault maps discovered:
D:1:      kennysheep_arrival_forest, layout_basic
D:2:      layout_loops_ring, serial_rivers, chequers_serial_rivers_micro_c,
          chequers_serial_rivers_micro_e, chequers_serial_rivers_room_a,
          chequers_serial_rivers_micro_b, chequers_serial_rivers_small_b,
          chequers_serial_rivers_large_b, nicolae_half_adder,
          uniq_crazy_yiuf_cottage

Skill      XL: |  1  2  3 |
---------------+----------+-----
Dodging        | 1 2 |  2.1
Fighting       | |  3.8
Axes           | |  2.0
Armour         | |  3.8
Shields        | |  4.0

Action                     |  1- 3 |  4- 6 || total
---------------------------+-------+-------++-------
  Melee: War axe           |    68 |     6 ||    74
    Use: Scroll            |     4 |       ||     4
 Armour: Scale mail        |    32 |     2 ||    34
  Dodge: Dodged            |    39 |     1 ||    40
  Block: Buckler           |    14 |       ||    14
         Tower shield      |    18 |     4 ||    22
